Map: Ice and Chrome LE

Players

HeroMarine - Winner!

  • Race: Terran Terran
  • League: Master
  • Spawn Location: 1:00

ShoWTimE

  • Race: Protoss Protoss
  • League: Master
  • Spawn Location: 7:00

Event: DreamHack SC2 Masters 2020 Fall

VOD

Have the link to the VOD?

Description

Time

  • Played on: Sept. 11, 2020, 1:48 p.m.
  • Length: 6:12

All games in this series

Show
View Real Time Build Order
Export as new Build Order

HeroMarine Terran - Winner!

Build Orders: Banshee Rush 

Get SALT Encoding   

  12  0:00  SCV  
  13  0:12  SCV  
  14  0:17  Supply Depot  
  14  0:24  SCV  
  15  0:38  SCV  
  15  0:40  Barracks  
  16  0:43  Refinery  
  16  0:50  SCV  
  16  0:53  Refinery  
  17  1:03  SCV  
  18  1:15  SCV  
  19  1:27  Orbital Command, Reaper  
  19  1:32  Supply Depot  
  20  1:40  Factory  
  20  1:52  SCV  
  21  1:59  Reaper  
  22  2:04  SCV  
  23  2:17  SCV  
  24  2:23  Command Center  
  24  2:27  Hellion  
  24  2:29  SCV  
  27  2:36  Barracks Reactor  
  27  2:41  SCV  
  27  2:43  Starport  
  28  2:48  Supply Depot  
  28  2:53  Factory Tech Lab, SCV  
  29  3:05  SCV  
  30  3:17  SCV  
  31  3:21  Marine x2  
  31  3:24  Factory Tech Lab, Cloaking Field  
  31  3:25  Banshee  
  36  3:29  SCV  
  37  3:38  Orbital Command  
  37  3:39  Marine x2  
  39  3:41  SCV  
  39  3:46  Siege Tank  
  43  3:53  SCV  
  44  3:57  Supply Depot, Marine x2  
  46  4:07  Supply Depot  
  46  4:08  Banshee  
  49  4:10  SCV  
  49  4:11  SCV  
  49  4:14  Marine  
  49  4:15  Marine  
  53  4:24  SCV  
  53  4:25  SCV  
  53  4:27  Siege Tank  
  58  4:32  Marine x2  
  58  4:37  SCV x2, Supply Depot  
  62  4:48  Supply Depot  
  62  4:49  SCV x2  
  62  4:50  Marine x2  
  62  4:51  Banshee  
  69  5:01  SCV x2  
  70  5:08  Siege Tank, Marine x2  
  70  5:13  SCV x2  
  75  5:17  Barracks  
  75  5:21  Barracks  
  75  5:25  SCV x2  
  75  5:26  Marine x2  
  76  5:37  SCV x2  
  81  5:43  Marine  
  81  5:49  SCV x2  
  80  5:53  Marine  
Show
View Real Time Build Order
Export as new Build Order

ShoWTimE Protoss 

Build Orders: 1 Gate Expand, Blink Stalkers 

Get SALT Encoding   

  12  0:00  Probe  
  13  0:12  Probe  
  14  0:17  Pylon  
  14  0:24  Probe (Chrono Boost)  
  15  0:36  Probe (Chrono Boost)  
  15  0:37  Gateway  
  16  0:44  Probe (Chrono Boost)  
  16  0:45  Assimilator  
  17  0:51  Probe  
  18  1:03  Probe  
  19  1:15  Probe  
  20  1:24  Cybernetics Core  
  20  1:34  Nexus  
  20  1:35  Probe  
  21  1:41  Pylon  
  21  1:47  Probe  
  21  1:52  Assimilator  
  22  1:59  Probe  
  22  2:00  Adept (Chrono Boost)  
  22  2:01  Warp Gate  
  25  2:11  Probe  
  26  2:21  Stalker (Chrono Boost)  
  26  2:23  Probe  
  29  2:35  Probe  
  29  2:36  Shield Battery  
  30  2:41  Shield Battery  
  30  2:46  Probe  
  30  2:47  Probe  
  30  2:48  Stalker (Chrono Boost)  
  34  2:55  Twilight Council  
  34  2:58  Probe  
  34  3:00  Probe  
  36  3:10  Probe  
  36  3:12  Probe  
  38  3:16  Gateway  
  38  3:23  Probe  
  38  3:24  Probe  
  38  3:26  Robotics Facility  
  40  3:27  Blink (Chrono Boost)  
  40  3:35  Probe  
  40  3:36  Probe  
  42  3:47  Pylon, Probe  
  43  3:48  Probe  
  44  3:57  Sentry  
  46  4:05  Nexus, Probe x2  
  46  4:08  Pylon  
  46  4:09  Phoenix  
  48  4:11  Stalker  
  48  4:14  Observer  
  51  4:17  Probe x2  
  51  4:20  Assimilator  
  53  4:29  Probe x2  
  55  4:33  Pylon  
  55  4:35  Observer  
  56  4:38  Stalker  
  56  4:41  Probe  
  56  4:42  Probe  
  60  4:46  Stalker  
  62  4:53  Probe, Pylon  
  62  4:54  Probe  
  62  4:58  Gateway  
  64  5:01  Gateway  
  64  5:07  Pylon  
  64  5:11  Probe x2  
  66  5:15  Pylon  
  66  5:23  Probe  
  67  5:29  Stalker x2  
  67  5:35  Gateway  
  71  5:37  Gateway  
  71  5:38  Immortal (Chrono Boost)  
  68  5:53  Stalker x3  
  56  5:57  Stalker  

Tags
 
Add a new tag
Caveats
  • Supply blocks, unpowered buildings, or Contaminate may cause inaccurate times.
  • Supply counts are checked every 10 seconds.